 Dungeon Crawl Stone Soup version 0.28.0-53-g5a82cb258f (webtiles) character file.

Game seed: 16855317717851148602

425 Integry the Conjurer (level 6, -4/45 HPs)
             Began as a Demigod Conjurer on Aug 17, 2022.
             Slain by a lemure (7 damage)
             ... led by Pikel
             ... while paralysed by Grinder
             ... on level 3 of the Dungeon.
             The game lasted 00:09:00 (5293 turns).

Integry the Conjurer (Demigod Conjurer)             Turns: 5293, Time: 00:09:00

Health: -4/45      AC:  3    Str:  8    XL:     6   Next: 37%
Magic:  5/14       EV:  2    Int: 28    God:
Gold:   148        SH:  0    Dex: 12    Spells: 5/12 levels left

rFire   + . .      SeeInvis .   d - +1 dagger
rCold   . . .      Faith    .   (no shield)
rNeg    . . .      Spirit   .   a - +1 robe
rPois   .          Reflect  .   (no helmet)
rElec   .          Harm     .   (no cloak)
rCorr   .          Rampage  .   (no gloves)
Will    .....                   (no boots)
Stlth   ++........              (no amulet)
HPRegen 0.15/turn               f - ring of protection from fire
MPRegen 0.14/turn               (no ring)

@: paralysed
A: high MP 1, forlorn, divine attributes
a: no special abilities


You were on level 3 of the Dungeon.
You visited 1 branch of the dungeon, and saw 4 of its levels.
You also visited: Sewer.

You collected 148 gold pieces.

Inventory:

Hand Weapons
 d - a +1 dagger (weapon)
Armour
 a - a +1 robe (worn)
Jewellery
 f - a ring of protection from fire (left hand)
Scrolls
 e - 3 scrolls of vulnerability
 h - 2 scrolls of identify
 j - 3 scrolls of enchant weapon
 k - a scroll of amnesia
Potions
 b - 2 potions of heal wounds {unknown}
 c - a potion of might {unknown}
 g - a potion of resistance {unknown}
 i - a potion of mutation {unknown}
 l - 2 potions of haste {unknown}
 m - a potion of brilliance {unknown}
 n - a potion of lignification {unknown}


   Skills:
 - Level 1.7 Dodging
 - Level 1.7 Stealth
 + Level 3.7 Spellcasting
 * Level 6.3 Conjurations


You had 5 spell levels left.
You knew the following spells:

 Your Spells              Type           Power      Damage    Failure   Level
a - Magic Dart            Conj           100%       1d8       1%          1
d - Blink                 Tloc           10%        N/A       12%         2
q - Iskenderun's Mystic   Conj/Tloc      23%        2d6       21%         4

Your spell library contained the following spells:

 Spells                   Type           Power      Damage    Failure   Level
 Searing Ray              Conj           80%        2d7       1%          2
 Dazzling Flash           Conj/Hex       46%        N/A       6%          3
 Fulminant Prism          Conj/Hex       11%        3d9       21%         4
 Lesser Beckoning         Tloc           5%         N/A       22%         3
 Ozocubu's Armour         Ice            5%         N/A       22%         3
 Agony                    Necr           5%         N/A       91%         5
 Manifold Assault         Tloc           5%         N/A       91%         5
 Silence                  Hex/Air        2%         N/A       91%         5
 Ozocubu's Refrigeration  Ice            2%         4d5       100%        7


Dungeon Overview and Level Annotations

Branches:
Dungeon (4/15)              Sewer (visited)
 Temple: D:4-7

Annotations:
D:3 Grinder
D:4 Pikel


Innate Abilities, Weirdness & Mutations

You have an increased reservoir of magic. (+10% MP)
You shall have no god before yourself.
Your divine heritage dramatically boosts your attributes as you level up.


Message History

Casting: Iskenderun's Mystic Blast (quite dangerous; 21% risk of failure)
Confirm with . or Enter, or press ? or * to list all spells.
You don't have enough magic to cast this spell.
A lemure is nearby!
Casting: Iskenderun's Mystic Blast (quite dangerous; 21% risk of failure)
Confirm with . or Enter, or press ? or * to list all spells.
You don't know that spell.
Okay, then.
You barely miss the lemure.
The lemure is heavily wounded.
The lemure hits you!
* * * LOW HITPOINT WARNING * * *
You see here a +0 short sword.
Adjust (i)tems, (s)pells, or (a)bilities?
Adjust which spell? b - Blink Adjust to which letter? d - Blink Grinder shouts!
Grinder hits you.
* * * LOW HITPOINT WARNING * * *
You writhe in agony.
* * * LOW HITPOINT WARNING * * *
You hit Grinder but do no damage. Grinder barely misses you.
The lemure hits you.
* * * LOW HITPOINT WARNING * * *
Unknown command.
Casting: Iskenderun's Mystic Blast (quite dangerous; 21% risk of failure)
Confirm with . or Enter, or press ? or * to list all spells.
You blink.
You feel stable enough to blink again. Grinder gestures at you.
You suddenly lose the ability to move!
Grinder blinks!
The lemure hits you but does no damage.
Grinder blinks!
The lemure hits you but does no damage. x2
The lemure hits you.
* * * LOW HITPOINT WARNING * * *
The lemure hits you!
You die...

#.#
#.#.........###.#.#.##.
#.#
#.###..................
#.# #.#
#..#.######.#.#.### #>#
#.# #..#.# #.(...# #
#.# #.# #..#.# ###.###
# #.# #.# #..#.# #.# #
#.# #.# #....######
#.#***# #.# #.#
##........# #..,,,, #.#
#.# #@.#####.# #.##*##
# #.# #.# #5)# #.# #.#
#. ## #.# #.# #..# #.#
#÷# #§ .######.# #.#
#..# #.###.####.
#.......# #[#
#..#####..........
.######.# #.#
#..5..5......##### ##
#.###.#####.###########
# #...........#
#############


You could see Grinder and a lemure.

Vanquished Creatures
  2 kobold brigands (Sewer)
  A water moccasin skeleton (D:4)
  2 orc wizards (D:3)
  A hound zombie (D:3)
  A hound skeleton (D:2)
  3 adders
  2 adder skeletons (D:4)
  6 worms
  2 dart slugs (D:3)
  2 orcs (D:3)
  15 ball pythons
  7 endoplasms
  7 giant cockroaches
  5 goblins
  9 hobgoblins
  7 jackals
  4 quokkas
  3 bats
  6 frilled lizards
  20 kobolds
  6 rats
111 creatures vanquished.

Vanquished Creatures (others)
  A fungus (Sewer)
  8 plants (Sewer)
9 creatures vanquished.

Grand Total: 120 creatures vanquished

Notes
Turn   | Place    | Note
-------+----------+-------------------------------------------
     0 | D:1      | Integry the Demigod Conjurer began the quest for the Orb.
     0 | D:1      | Reached XP level 1. HP: 14/14 MP: 5/5
   353 | D:1      | Reached XP level 2. HP: 20/20 MP: 5/7
   356 | D:1      | Reached skill level 4 in Conjurations
  1364 | D:2      | Reached XP level 3. HP: 26/26 MP: 7/9
  2432 | D:3      | Reached XP level 4. HP: 33/33 MP: 4/10
  2634 | D:3      | Reached skill level 5 in Conjurations
  3066 | D:3      | Reached XP level 5. HP: 38/38 MP: 9/12
  3071 | D:3      | Learned a level 4 spell: Iskenderun's Mystic Blast
  3411 | D:3      | Noticed Grinder
  4059 | D:4      | Found a glowing drain.
  4133 | Sewer    | Entered a sewer
  4266 | Sewer    | Learned a level 2 spell: Blink
  4384 | Sewer    | Reached skill level 6 in Conjurations
  4384 | Sewer    | Reached XP level 6. HP: 45/45 MP: 7/14
  5196 | D:4      | Noticed Pikel
  5287 | D:3      | Paralysed by Grinder for 7 turns
  5293 | D:3      | Slain by a lemure

Illustrated notes

Levels and vault maps discovered:
D:1:      minmay_arrival_stair_chambers, layout_rooms, st_stairs_12,
          chequers_serial_rivers_large_b, kennysheep_another_room,
          serial_bayou_crossing
D:2:      layout_basic, kennysheep_generic_room_4
D:3:      layout_loops_ring, uniq_grinder
D:4:      layout_layer_cave, cheibrodos_sewer_entry_bend, minivault_4,
          uniq_pikel

Skill      XL: |  1  2  3  4  5 |
---------------+----------------+-----
Spellcasting   | 2 3 |  3.7
Conjurations   | 4 5 6 |  6.3
Dodging        | |  1.7
Stealth        | |  1.7

Action                   |  1- 3 |  4- 6 || total
-------------------------+-------+-------++-------
Melee: Unarmed           |    13 |       ||    13
       Dagger            |     5 |     2 ||     7
       Punch             |     1 |       ||     1
 Cast: Magic Dart        |    98 |   183 ||   281
       Blink             |       |     1 ||     1
       Iskenderun's Myst |       |     1 ||     1
  Use: Scroll            |       |     7 ||     7
Armor: Robe              |     9 |     5 ||    14
Dodge: Dodged            |    10 |    35 ||    45
